 Dungeon Crawl Stone Soup version 0.19-a0-1907-gcff654f (webtiles) character file.

89 rvm the Grave Robber (level 4, 0/33 HPs)
             Began as a Mummy Necromancer on Oct 22, 2016.
             Slain by Robin
             ... wielding a +0 mace of crushing
              (6 damage)
             ... on level 1 of the Dungeon.
             The game lasted 00:08:06 (2237 turns).

rvm the Grave Robber (Mummy Necromancer)            Turns: 2237, Time: 00:08:07

Health: 0/33       AC:  3    Str: 11    XL:     4   Next: 31%
Magic:  3/8        EV: 12    Int: 15    God:
Gold:   39         SH:  0    Dex: 12    Spells: 3 memorised, 3 levels left

rFire  x . .     SeeInvis .     c - +0 short sword
rCold  + . .     Gourm    .     a - +0 robe
rNeg   + + +     Faith    .     (no shield)
rPois  ∞         Spirit   .     g - +0 helmet
rElec  .         Reflect  .     (no cloak)
rCorr  .         Harm     .     (no gloves)
MR     .....                    (no boots)
Stlth  ++........               (no amulet)
                                (no ring)
                                (no ring)

@: no status effects
A: no food or potions, fire vulnerability, cold resistance 1, negative energy
resistance 3, torment resistance, unbreathing
a: no special abilities


You were on level 1 of the Dungeon.
You were not hungry.

You visited 1 branch of the dungeon, and saw 2 of its levels.

You collected 39 gold pieces.

Inventory:

Hand Weapons
 c - a +0 short sword (weapon)
Missiles
 f - 52 stones (quivered)
Armour
 a - a +0 robe (worn)
 g - a +0 helmet (worn)
 h - a +0 ring mail
 i - a +0 shield
Scrolls
 d - 2 scrolls of recharging {unknown}
 e - a scroll of enchant weapon {unknown}
Books
 b - a book of Necromancy

   Spells                             Type                      Level
   a - Pain                           Necromancy                   1
   b - Animate Skeleton               Necromancy                   1
   c - Vampiric Draining              Necromancy                   3
   d - Regeneration                   Charms/Necromancy            3
   e - Animate Dead                   Necromancy                   4
   f - Control Undead                 Necromancy                   4


   Skills:
 + Level 1.8 Fighting
 - Level 1.5 Dodging
 - Level 1.5 Stealth
 * Level 2.7 Spellcasting
 + Level 5.0 Necromancy


You had 3 spell levels left.
You knew the following spells:

 Your Spells              Type           Power        Failure   Level  Hunger
a - Pain                  Necr           ###.         2%          1    N/A
b - Vampiric Draining     Necr           ###.......   10%         3    N/A
z - Animate Skeleton      Necr           N/A          2%          1    N/A

Dungeon Overview and Level Annotations

Branches:
Dungeon (2/15)

Altars:

Annotations:
D:1 Robin


Innate Abilities, Weirdness & Mutations

You do not eat or drink.
Your flesh is vulnerable to fire.
You are immune to poison.
Your flesh is cold resistant. (rC+)
You are immune to negative energy. (rN+++)
You are immune to unholy pain and torment.
You can survive without breathing.


Message History

Robin is moderately wounded.
Robin hits you but does no damage.
You barely miss Robin.
Robin is moderately wounded.
Robin hits you with a mace of crushing.
You hit Robin.
Robin is heavily wounded.
Robin closely misses you.
You hit Robin.
Robin is heavily wounded.
Robin hits you with a mace of crushing.
* * * LOW HITPOINT WARNING * * *
x2
Casting: Pain
Confirm with . or Enter, or press ? or * to list all spells.
Aiming: Pain
Press: ? - help, Shift-Dir - straight line, f/p - Robin
Aim: Robin, wielding a mace of crushing, wearing an animal skin and wearing a helmet (heavily wounded, chance to defeat MR: 82%) Robin writhes in agony!
Robin closely misses you. Robin hits you with a mace of crushing.
You die...

........#...#####.....##.......#.
.............## #..............##
...........#..# #.....###.###....
.#.......#.#..###.#######.# #.###
.#.#...#.#.#......#.......# #.###
.#.#.#.#.#.#...####.#)##### #.#..
.#.#.#†#.#.#.######.#....# #...#
.#.#...#.#.#........#.##.####Z#.#
.#.......#.#....@..##.##.ZZZZ.#.#
...........#.....g.##.#########.#
....###............##.#########.#
#..## #.#...####.................
##.# #....## #.......#########.
##.####.#..# #.......# #.
##...÷.....# #.......# #######.
########...# #.......# #.......
...........# #.......# #.#####.


You could see Robin.

Vanquished Creatures
  Jessica (D:2)
  An adder (D:2)
  An ooze (D:1)
  A worm (D:2)
  A dart slug (D:1)
  A leopard gecko (D:2)
  2 bats (D:1)
  2 giant cockroaches (D:2)
  9 hobgoblins
  A ball python (D:1)
  2 frilled lizards (D:1)
  7 goblins
  8 kobolds
  5 rats
42 creatures vanquished.

Vanquished Creatures (collateral kills)
  A kobold (D:1)
1 creature vanquished.

Grand Total: 43 creatures vanquished

Notes
Turn   | Place    | Note
-------+----------+-------------------------------------------
     0 | D:1      | rvm the Mummy Necromancer began the quest for the Orb.
     0 | D:1      | Reached XP level 1. HP: 13/13 MP: 3/3
   361 | D:1      | Reached XP level 2. HP: 17/20 MP: 0/5
   433 | D:1      | Learned a level 1 spell: Animate Skeleton
   990 | D:1      | Reached XP level 3. HP: 25/25 MP: 3/6
  1040 | D:1      | Learned a level 3 spell: Vampiric Draining
  1168 | D:1      | Reached skill level 1 in Fighting
  1339 | D:2      | Noticed Robin
  1939 | D:2      | Noticed Jessica
  1946 | D:2      | Killed Jessica
  1946 | D:2      | Reached skill level 5 in Necromancy
  1946 | D:2      | Reached XP level 4. HP: 32/32 MP: 1/7
  2237 | D:1      | Slain by Robin

Vault maps used:
D:1:      shiori_arrival_oz, st_stairs_3, minmay_misc_feat_more_columns,
          minmay_misc_feat_columns, minmay_hexomino_p4
D:2:      dk_vineyard_1, uniq_iyjb, uniq_jessica, uniq_robin, uniq_natasha

Skill      XL: |  1  2  3 |
---------------+----------+-----
Fighting       | 1 |  1.8
Necromancy     | 5 |  5.0
Dodging        | |  1.5
Stealth        | |  1.5
Spellcasting   | |  2.7

Action                   |  1- 3 |  4- 6 || total
-------------------------+-------+-------++-------
Melee: Short sword       |    29 |    16 ||    45
Throw: Stone             |     6 |       ||     6
 Cast: Pain              |    65 |    14 ||    79
       Animate Skeleton  |     9 |       ||     9
       Vampiric Draining |       |     2 ||     2
 Stab: Sleeping          |     1 |       ||     1
Armor: Robe              |    10 |     5 ||    15
Dodge: Dodged            |    37 |    10 ||    47
